 Dungeon Crawl Stone Soup version 0.28-a0-667-g162e43154e (webtiles) character file.

Game seed: 10255903217726491467

40042 1994 the Fighter (level 14, -1/112 HPs)
             Began as a Djinni Air Elementalist on Oct 17, 2021.
             Was an Initiate of Ashenzari.
             Slain by a minotaur (16 damage)
             ... in a Gauntlet.
             The game lasted 01:08:06 (21129 turns).

1994 the Fighter (Djinni Air Elementalist)         Turns: 21129, Time: 01:08:06

Health: -1/112     AC:  8    Str:  7    XL:     14   Next: 42%
Gold:   2052       EV: 16    Int: 22    God:    Ashenzari [......] SH:  0 Dex: 14

rFire   + + +      SeeInvis .   a - +1 spear (flame)
rCold   x . .      Faith    .   (no shield)
rNeg    + + .      Spirit   .   J - +2 troll leather armour
rPois   ∞          Reflect  .   O - +2 hat
rElec   +          Harm     .   (no cloak)
rCorr   +          Rampage  .   (no gloves)
Will    +....      NoTele   +   (boots unavailable)
Stlth   +++.......              P - amulet "Rileupek" {rElec rN++ Regen+ rCorr}
HPRegen 2.28/turn               w - ring "Overhang to Understand" {rC+, Cun, Self} (curse)
MPRegen 0.00/turn               E - ring of fire

@: flying, hasted, studying Shields, very quick
A: sickness immunity, fire resistance 2, cold vulnerability 1, float, innate
caster, hp casting, extra vitality 1
a: Renounce Religion, Curse Item, Shatter the Chains


You were in a Gauntlet.
You worshipped Ashenzari.
Ashenzari was noncommittal.
You visited 4 branches of the dungeon, and saw 17 of its levels.
You also visited: Sewer and Gauntlet.

You collected 2195 gold pieces.
You spent 143 gold pieces at shops.

Inventory:

Hand Weapons
 a - a +1 spear of flaming (weapon)
 e - a +1 dagger of draining
 G - a +1 dagger of venom
 L - a +3 short sword of protection
Missiles
 p - 63 poisoned darts
 y - 4 boomerangs of dispersal
 B - 2 curare-tipped darts (quivered)
 K - 2 throwing nets
Armour
 b - a +0 robe of positive energy
 f - a +0 helmet
 J - a +2 troll leather armour (worn)
 O - a +2 hat (worn)
Jewellery
 w - the cursed ring "Overhang to Understand" (left hand) {rC+, Cun, Self}
   (You found it on level 6 of the Dungeon)

   [ring of protection from cold]

   rC:        It protects you from cold.
   It has a curse which improves the following skills: Cunning: Dodging and
   Stealth.
   Introspection: Fighting and Spellcasting.
 E - a ring of fire (right hand)
 N - a ring of positive energy
 P - the amulet "Rileupek" (around neck) {rElec rN++ Regen+ rCorr}
   (You found it in a Gauntlet)

   [amulet of regeneration]

   rElec:     It insulates you from electricity.
   rN:        It greatly protects you from negative energy.
   Regen:     It increases your rate of health regeneration.
   rCorr:     It protects you from acid and corrosion.
Wands
 c - a wand of digging (4)
 k - a wand of flame (51)
 C - a wand of polymorph (15)
 H - a wand of acid (10)
 I - a wand of charming (21)
Scrolls
 d - 5 scrolls of fog
 h - 2 scrolls of magic mapping
 l - 6 scrolls of teleportation
 m - 2 scrolls of brand weapon
 q - 2 scrolls of blinking
 r - 3 scrolls of immolation
 s - a scroll of fear
 u - a scroll of silence
 M - a scroll of holy word
Potions
 g - 2 potions of cancellation
 i - 2 potions of mutation
 j - 2 potions of haste
 n - 3 potions of heal wounds
 o - 5 potions of curing
 t - 2 potions of ambrosia
 v - a potion of attraction
 x - 2 potions of brilliance
 z - 4 potions of invisibility
 A - 3 potions of lignification
 D - a potion of resistance
 F - 2 potions of might


   Skills:
 * Level 14.4(14.9) Fighting
 + Level 11.5(12.0) Dodging
 + Level 7.2(7.7) Stealth
 * Level 11.6(12.1) Spellcasting


You had 10 spell levels left.
You knew the following spells:

 Your Spells              Type           Power      Damage    Failure   Level
a - Shock                 Conj/Air       100%       1d9       1%          1
b - Static Discharge      Conj/Air       61%        N/A       1%          2
c - Swiftness             Air            61%        N/A       1%          3
d - Airstrike             Air            30%        N/A       1%          4
e - Summon Small Mammal   Summ           100%       N/A       1%          1
f - Corpse Rot            Necr/Air       N/A        N/A       1%          2
g - Call Imp              Summ           61%        N/A       1%          2
h - Ozocubu's Armour      Ice            61%        N/A       1%          3
i - Olgreb's Toxic Radia  Pois           61%        N/A       1%          4
j - Summon Forest         Summ/Tloc      30%        N/A       1%          5
Your spell library was empty.

Dungeon Overview and Level Annotations

Branches:
Dungeon (11/15)            Temple (1/1) D:7            Lair (3/6) D:11
  Swamp (0/4) Lair:2          Orc (2/2) D:10            Elf (0/3) Orc:2
  Sewer (visited)         Gauntlet (1/1)
  Snake: Lair:2-4    Spider: Lair:2-4

Altars:
Ashenzari
Cheibriados
Dithmenos
Elyvilon
Fedhas
Gozag
Hepliaklqana
Kikubaaqudgha
Makhleb
Nemelex Xobeh
Okawaru
Qazlal
Ru
Sif Muna
Trog
Uskayaw
Vehumet
Wu Jian
Xom
Yredelemnul
Zin
The Shining One
Beogh

Shops:
Orc:2 :(!(

Annotations:
Gauntlet 8 transporters, 16 runed translucent doors


Innate Abilities, Weirdness & Mutations

You are immune to sickness and miasma.
You are immune to poison.
Your flesh is very heat resistant. (rF++)
You are vulnerable to cold. (rC-)
You float through the air rather than walking.
You learn spells naturally, not from books.
Your magical power is your life essence.
You have superior vitality. (+4 HP)


Message History

Aiming: Airstrike (mildly dangerous; 1% risk of failure)
Press: ? - help, Dir - move target, f/p - minotaur
Aim: a minotaur, wearing a +0 chain mail, wearing a ring of poison resistance and quivering javelins (heavily wounded, empty space bonus: 6/8)
The air twists around and strikes the minotaur.
The minotaur is heavily wounded.
The minotaur hits you! The minotaur closely misses you.
Unknown command.
Casting: Airstrike (mildly dangerous; 1% risk of failure)
Confirm with . or Enter, or press ? or * to list all spells.
Aiming: Airstrike (mildly dangerous; 1% risk of failure)
Press: ? - help, Dir - move target, f/p - minotaur
Aim: a minotaur, wearing a +0 chain mail, wearing a ring of poison resistance and quivering javelins (heavily wounded, empty space bonus: 6/8)
The air twists around and strikes the minotaur!
The minotaur is severely wounded.
The minotaur drinks a potion.
The minotaur is healed!
Unknown command.
Casting: Airstrike (mildly dangerous; 1% risk of failure)
Confirm with . or Enter, or press ? or * to list all spells.
Aiming: Airstrike (mildly dangerous; 1% risk of failure)
Press: ? - help, Dir - move target, f/p - minotaur
Aim: a minotaur, wearing a +0 chain mail, wearing a ring of poison resistance and quivering javelins (heavily wounded, empty space bonus: 6/8)
The air twists around and strikes the minotaur!
The minotaur is severely wounded.
The minotaur hits you!! The minotaur gores you!
Unknown command.
Casting: Airstrike (mildly dangerous; 1% risk of failure)
Confirm with . or Enter, or press ? or * to list all spells.
Aiming: Airstrike (mildly dangerous; 1% risk of failure)
Press: ? - help, Dir - move target, f/p - minotaur
Aim: a minotaur, wearing a +0 chain mail, wearing a ring of poison resistance and quivering javelins (heavily wounded, empty space bonus: 6/8)
Okay, then.
Unknown command.
Casting: Airstrike (mildly dangerous; 1% risk of failure)
Confirm with . or Enter, or press ? or * to list all spells.
Okay, then.
Unknown command.
The minotaur hits you!!
* * * LOW HITPOINT WARNING * * *
The minotaur gores you!
You die...

#.#.# #H# #.#.# #.# #H#.###.#
#.#.H...# #H####### #...H.#
#####.# #######.#######
#........@....# ##...©.©.©H..##
##########..8.8.8..##############
§#≈#§#≈####.......####≈#≈#§#≈#≈#≈
........#§#########§#§...........
.8......§............§.....8....§
........8.....8.....8............
#######...............###########
!©)#.[#...#########...#sy.:©[)..#


You could see a minotaur.

Vanquished Creatures
  Harold (Lair:1)
  A boulder beetle (D:11)
  A hydra (D:9)
  15 two-headed ogres
  2 ogre magi (Orc:2)
  An orc high priest (Orc:2)
  An orc knight (Orc:1)
  An orc sorcerer (Orc:1)
  2 manticores
  A cyclops (D:11)
  A black mamba (shapeshifter) (D:11)
  A black mamba (Lair:1)
  4 cane toads
  Maggie (D:7)
  An unseen horror (D:11)
  An efreet (Gauntlet)
  Psyche (D:8)
  2 hornets
  The ghost of exoticroomba the Chopper, an amateur HOFi (D:5)
  4 trolls
  A raiju (Gauntlet)
  Prince Ribbit (D:7)
  A shadow (D:10)
  Sigmund (D:2)
  11 yaks
  3 fire elementals (Gauntlet)
  A vampire (D:10)
  A basilisk (Lair:3)
  3 wargs
  An acid dragon (D:9)
  2 water moccasins (Lair:1)
  A hell hound (Gauntlet)
  13 orc warriors
  Duvessa (D:5)
  An ice beast (D:6)
  20 ogres
  5 centaurs
  A phantom (D:2)
  2 kobold brigands
  A wyvern zombie (D:7)
  8 bullfrogs
  A water moccasin skeleton (D:5)
  3 killer bees (D:7)
  5 wights (D:6)
  2 electric eels (D:9)
  4 howler monkeys
  A jelly (D:7)
  A bullfrog zombie (D:6)
  4 centaur zombies
  2 hounds
  8 orc priests
  A bullfrog skeleton (D:6)
  A gnoll shaman (D:4)
  2 iguanas
  Natasha (thrice) (D:3)
  19 orc wizards
  A lightning spire (Gauntlet)
  3 howler monkey zombies
  Robin (D:2)
  11 adders
  7 gnolls
  2 river rats (D:3)
  A shadow imp (D:6)
  2 white imps
  A worm (D:2)
  3 dart slugs
  58 orcs
  6 ball pythons
  2 bats
  8 endoplasms
  5 giant cockroaches
  16 goblins
  11 hobgoblins
  15 jackals
  3 quokkas
  8 frilled lizards
  8 kobolds
  9 rats
360 creatures vanquished.

Vanquished Creatures (collateral kills)
  The ghost of Gargoyl the Fighter, a journeyman GnAK of Lugonu (Lair:1)
  A hydra (Lair:2)
  3 ogre magi (Orc:2)
  Erica (Lair:2)
  3 two-headed ogres (Orc:2)
  2 black mambas (Lair:3)
  A cane toad (Lair:2)
  2 komodo dragons
  A raiju (Gauntlet)
  A wyvern (Lair:2)
  12 yaks
  5 vampire mosquitoes (Lair:2)
  2 wargs (Orc:2)
  A water moccasin (Lair:3)
  An orc warrior (Orc:2)
  9 wolves
  5 ogres (Orc:2)
  Dowan (D:5)
  An orc priest (Orc:2)
  A lightning spire (Gauntlet)
  3 hell rats (Lair:3)
  4 orcs (Orc:2)
61 creatures vanquished.

Vanquished Creatures (others)
  7 fungi
  18 plants
  2 snaplasher vines
27 creatures vanquished.

Grand Total: 448 creatures vanquished

Notes
Turn   | Place    | Note
-------+----------+-------------------------------------------
     0 | D:1      | 1994 the Djinni Air Elementalist began the quest for the
                  | Orb.
     0 | D:1      | Reached XP level 1. HP: 15/15 MP: 0/0
   274 | D:1      | Reached XP level 2. HP: 21/22 MP: 0/0
   342 | D:1      | Reached skill level 1 in Fighting
   578 | D:1      | Reached XP level 3. HP: 22/27 MP: 0/0
   578 | D:1      | Learned a level 1 spell: Summon Small Mammal
  1164 | D:2      | Noticed Robin
  1192 | D:2      | Killed Robin
  1197 | D:2      | Reached XP level 4. HP: 21/33 MP: 0/0
  1349 | D:2      | Reached skill level 2 in Fighting
  1778 | D:2      | Reached XP level 5. HP: 36/39 MP: 0/0
  1778 | D:2      | Learned a level 2 spell: Corpse Rot
  2130 | D:2      | Noticed Sigmund
  2420 | D:2      | Noticed a phantom
  2435 | D:2      | Killed a phantom
  2436 | D:2      | Reached skill level 3 in Fighting
  2436 | D:2      | Reached XP level 6. HP: 41/46 MP: 0/0
  2797 | D:3      | Found a glowing drain.
  2802 | Sewer    | Entered a sewer
  3250 | D:3      | Noticed Natasha
  3263 | D:3      | Killed Natasha
  3730 | D:3      | Noticed Natasha
  3824 | D:3      | Killed Natasha
  4074 | D:3      | Noticed Natasha
  4084 | D:3      | Killed Natasha
  4085 | D:3      | Reached skill level 4 in Fighting
  4085 | D:3      | Reached XP level 7. HP: 37/52 MP: 0/0
  4085 | D:3      | Learned a level 2 spell: Call Imp
  4290 | D:3      | Found an opulent altar of Gozag.
  4770 | D:2      | Killed Sigmund
  5406 | D:4      | Found a sparkling altar of Nemelex Xobeh.
  5425 | D:4      | Reached XP level 8. HP: 56/58 MP: 0/0
  5432 | D:4      | Reached skill level 5 in Fighting
  5811 | D:5      | Entered Level 5 of the Dungeon
  5921 | D:5      | Noticed Dowan
  5924 | D:5      | Noticed Duvessa
  5937 | D:5      | Killed Duvessa
  5938 | D:5      | Reached skill level 5 in Dodging
  5938 | D:5      | Reached skill level 5 in Spellcasting
  6018 | D:5      | Killed Dowan
  6227 | D:5      | Found a runed translucent door.
  6229 | D:5      | Noticed exoticroomba's ghost (amateur HOFi)
  6546 | D:5      | Killed exoticroomba's ghost
  6547 | D:5      | Reached skill level 6 in Fighting
  6800 | D:6      | Reached XP level 9. HP: 64/67 MP: 0/0
  6800 | D:6      | Learned a level 3 spell: Ozocubu's Armour
  7497 | D:6      | Reached skill level 7 in Fighting
  8152 | D:7      | Found a staircase to the Ecumenical Temple.
  8158 | Temple   | Entered the Ecumenical Temple
  8393 | Temple   | Became a worshipper of Ashenzari the Shackled
  8528 | D:7      | Found a snail-covered altar of Cheibriados.
  8528 | D:7      | Noticed Prince Ribbit
  8531 | D:7      | Killed Prince Ribbit
  8760 | D:7      | Noticed a hornet
  8769 | D:7      | Killed a hornet
  8770 | D:7      | Reached skill level 8 in Fighting
  8925 | D:7      | Noticed Maggie
  8932 | D:7      | Killed Maggie
  8933 | D:7      | Reached XP level 10. HP: 43/76 MP: 0/0
  9183 | D:7      | Found a burning altar of Makhleb.
  9183 | D:7      | Found a basalt altar of Yredelemnul.
  9742 | D:8      | Noticed a manticore
  9747 | D:8      | Killed a manticore
 10155 | D:8      | Reached skill level 9 in Fighting
 10654 | D:8      | Noticed Psyche
 11148 | D:9      | Noticed a four-headed hydra
 11154 | D:9      | Killed a four-headed hydra
 11446 | D:9      | Identified the amulet of Dishonour {Reflect -Tele Rampage
                  | rC+ Will++ SH+5}
 11475 | D:9      | Found a transporter.
 11852 | D:9      | Found a hazy altar of Hepliaklqana.
 11853 | D:9      | Found a shadowy altar of Dithmenos.
 11921 | D:9      | Found a transporter.
 11988 | D:9      | Noticed a two-headed ogre
 12816 | D:9      | Killed a two-headed ogre
 12817 | D:9      | Reached XP level 11. HP: 65/85 MP: 0/0
 12817 | D:9      | Learned a level 4 spell: Olgreb's Toxic Radiance
 13177 | D:8      | Killed Psyche
 13178 | D:8      | Reached skill level 10 in Fighting
 13329 | D:10     | Entered Level 10 of the Dungeon
 13887 | D:10     | Found a staircase to the Orcish Mines.
 14308 | D:10     | Found an ornate altar of the Wu Jian Council.
 14308 | D:10     | Found an iron altar of Okawaru.
 14309 | D:10     | Noticed a two-headed ogre
 14312 | D:10     | Noticed a two-headed ogre
 14360 | D:10     | Killed a two-headed ogre
 14452 | D:10     | Killed a two-headed ogre
 14453 | D:10     | Reached skill level 11 in Fighting
 14527 | D:11     | Found a staircase to the Lair.
 14935 | D:11     | Noticed a cyclops
 14939 | D:11     | Killed a cyclops
 14939 | D:11     | Noticed a boulder beetle
 15182 | D:11     | Killed a boulder beetle
 15361 | D:11     | Noticed a manticore
 15365 | D:11     | Killed a manticore
 15366 | D:11     | Reached XP level 12. HP: 60/94 MP: 0/0
 15820 | D:11     | Noticed a two-headed ogre
 15826 | D:11     | Killed a two-headed ogre
 16132 | Orc:1    | Entered Level 1 of the Orcish Mines
 16278 | Orc:2    | Entered Level 2 of the Orcish Mines
 16958 | Orc:2    | Noticed a two-headed ogre
 16960 | Orc:2    | Noticed a two-headed ogre
 16962 | Orc:2    | Noticed a two-headed ogre
 16966 | Orc:2    | Killed a two-headed ogre
 16981 | Orc:2    | Killed a two-headed ogre
 16982 | Orc:2    | Reached skill level 12 in Fighting
 16984 | Orc:2    | Killed a two-headed ogre
 17005 | Orc:2    | Noticed a two-headed ogre
 17006 | Orc:2    | Noticed an ogre mage
 17034 | Orc:2    | Killed an ogre mage
 17038 | Orc:2    | Noticed a two-headed ogre
 17044 | Orc:2    | Killed a two-headed ogre
 17045 | Orc:2    | Reached skill level 5 in Stealth
 17052 | Orc:2    | Noticed a two-headed ogre
 17056 | Orc:2    | Killed a two-headed ogre
 17057 | Orc:2    | Reached skill level 10 in Spellcasting
 17066 | Orc:2    | Killed a two-headed ogre
 17067 | Orc:2    | Reached skill level 10 in Dodging
 17181 | Orc:2    | Reached XP level 13. HP: 88/103 MP: 0/0
 17181 | Orc:2    | Learned a level 5 spell: Summon Forest
 17673 | Orc:2    | Noticed an ogre mage
 17688 | Orc:2    | Killed an ogre mage
 17699 | Orc:2    | Reached skill level 13 in Fighting
 17718 | Orc:2    | Noticed an ogre mage
 17733 | Orc:2    | Noticed an ogre mage
 17742 | Orc:2    | Killed an ogre mage
 17748 | Orc:2    | Killed an ogre mage
 17753 | Orc:2    | Noticed an ogre mage
 17759 | Orc:2    | Killed an ogre mage
 17874 | Orc:2    | Found Miquc's Antique Weapon Emporium.
 17874 | Orc:2    | Found Sikkuyt's Weapon Boutique.
 17876 | Orc:2    | Found a staircase to the Elven Halls.
 17930 | Orc:2    | Found Qoloazuqy's Distillery.
 17931 | Orc:2    | Found Emojys's Book Shoppe.
 17941 | Orc:2    | Bought a potion of heal wounds for 55 gold pieces
 17941 | Orc:2    | Bought a potion of ambrosia for 88 gold pieces
 18362 | Lair:1   | Entered Level 1 of the Lair of Beasts
 18530 | Lair:1   | Found a runed translucent gate.
 18602 | Lair:1   | Noticed Harold
 18626 | Lair:1   | Killed Harold
 18851 | Lair:1   | Found a runed translucent gate.
 18851 | Lair:1   | Found a runed translucent gate.
 18851 | Lair:1   | Noticed Gargoyl's ghost (journeyman GnAK)
 19077 | Lair:1   | Reached XP level 14. HP: 97/112 MP: 0/0
 19319 | Lair:1   | Killed Gargoyl's ghost
 19591 | Lair:2   | Reached skill level 14 in Fighting
 19766 | Lair:2   | Noticed Erica
 19792 | Lair:2   | Killed Erica
 19811 | Lair:2   | Found a staircase to the Swamp.
 20390 | Lair:3   | Found a gate leading to a gauntlet.
 20462 | Gauntlet | Entered a Gauntlet
 20462 | Gauntlet | Found a transporter.
 20462 | Gauntlet | Found a large runed translucent door.
 20462 | Gauntlet | Found a large runed translucent door.
 20462 | Gauntlet | Found a large runed translucent door.
 20462 | Gauntlet | Found a large runed translucent door.
 20462 | Gauntlet | Found a large runed translucent door.
 20462 | Gauntlet | Found a large runed translucent door.
 20462 | Gauntlet | Found a runed translucent door.
 20462 | Gauntlet | Found a runed translucent door.
 20462 | Gauntlet | Found a large runed translucent door.
 20462 | Gauntlet | Found a large runed translucent door.
 20462 | Gauntlet | Found a large runed translucent door.
 20462 | Gauntlet | Found a large runed translucent door.
 20462 | Gauntlet | Found a large runed translucent door.
 20462 | Gauntlet | Found a large runed translucent door.
 20464 | Gauntlet | Found a large runed translucent door.
 20464 | Gauntlet | Found a large runed translucent door.
 20465 | Gauntlet | Found a transporter.
 20465 | Gauntlet | Found a runed translucent gate.
 20465 | Gauntlet | Found a runed translucent gate.
 20465 | Gauntlet | Found a runed translucent gate.
 20467 | Gauntlet | Found a transporter.
 20470 | Gauntlet | Found a transporter.
 20471 | Gauntlet | Found a transporter.
 20474 | Gauntlet | Found a transporter.
 20479 | Gauntlet | Identified the amulet "Rileupek" {rElec rN++ Regen+ rCorr}
 20480 | Gauntlet | Found a transporter.
 20480 | Gauntlet | Identified the +0 cloak of Pleasant Breezes {Will+ Int+3}
 20488 | Gauntlet | Found a transporter.
 20556 | Gauntlet | Found a transporter.
 20573 | Gauntlet | Found a transporter.
 20573 | Gauntlet | Identified the +6 scimitar of Dowopneruc {vorpal, SInv}
 20577 | Gauntlet | Found a transporter.
 20602 | Gauntlet | Found a transporter.
 20628 | Gauntlet | Found a large runed translucent door.
 20628 | Gauntlet | Found a large runed translucent door.
 21013 | Gauntlet | Noticed a minotaur
 21129 | Gauntlet | Slain by a minotaur

Illustrated notes

Levels and vault maps discovered:
D:1:      giann_forest_graveyard, layout_basic
D:2:      layout_loops_ring, hex_large, uniq_sigmund, uniq_robin
D:3:      layout_rooms, nicolae_gozag_cash_rules_everything_around_me,
          gup_sewer_entry_spiral, uniq_natasha
D:4:      layout_basic, nicolae_overflow_crystal_walls
D:5:      layout_rooms, ebering_ghost_reflecting_pool, st_stairs_6, uniq_duvessa
D:6:      layout_basic
D:7:      layout_basic, cheibriados_altar_1, amethyst_overflow_temple_binary,
          minmay_temple_entry_ruins, uniq_prince_ribbit1, uniq_maggie
D:8:      layout_layer_cave, kennysheep_generic_room_12, uniq_psyche
D:9:      gammafunk_steamed_eel, layout_loops_corners,
          riverfiend_overflow_shadow_ancestor
D:10:     layout_big_octagon, jmf_multi_god_temple, david_orc_4,
          statue_in_the_mist_lemuel
D:11:     layout_long_grid, lair_entry_dummy, serial_bayou_pond_d
Temple:   nicolae_temple_figure_eight
Lair:1:   layout_concentric_octagons, ebering_ghost_rock_garden, uniq_harold
Lair:2:   layout_loops_ring, minmay_swamp_entry_swarm, uniq_erica
Lair:3:   layout_chaotic_city, minmay_snake_entry_guardpost_medium,
          gauntlet_entry_generic, grunt_megastairs_2,
          infiniplex_staircase_pool_2
Orc:1:    layout_diamond_mine, basic_altar
Orc:2:    st_orc_ogre_mass, layout_caves, basic_altar, kennysheep_orc_chapel
Gauntlet: minmay_gauntlet_mixed_oops_all_seconds
          [minmay_gauntlet_arena_77_two_lines,
          minmay_gauntlet_arena_make_your_own_arena,
          minmay_gauntlet_arena_77_broken_ladder, nicolae_gauntlet_swirl,
          minmay_gauntlet_arena_77_tiled_triplets,
          gammafunk_gauntlet_arena_split_x, gauntlet_exit_spiral]

Skill      XL: |  1  2  3  4  5  6  7  8  9 10 11 12 13 14 |
---------------+-------------------------------------------+-----
Fighting       | 1 2 3 4 6 8 9 11 12 13 14 | 14.4
Spellcasting   | 3 4 5 6 8 9 10 11 | 11.6
Dodging        | 3 4 5 6 8 9 10 11 | 11.5
Stealth        | 3 5 6 7 |  7.2

Action                   |  1- 3 |  4- 6 |  7- 9 | 10-12 | 13-15 || total
-------------------------+-------+-------+-------+-------+-------++-------
Melee: Spear             |       |       |       |       |     1 ||     1
 Cast: Shock             |    52 |   156 |   215 |   147 |    18 ||   588
       Airstrike         |       |       |    19 |   113 |   169 ||   301
       Static Discharge  |       |       |     7 |     9 |     1 ||    17
       Call Imp          |       |       |     1 |       |       ||     1
       Swiftness         |       |       |       |     2 |       ||     2
       Olgreb's Toxic Ra |       |       |       |    45 |     3 ||    48
       Summon Small Mamm |       |       |       |     1 |       ||     1
       Ozocubu's Armour  |       |       |       |     1 |       ||     1
       Summon Forest     |       |       |       |       |    21 ||    21
Invok: Curse Item        |       |       |       |     1 |       ||     1
Evoke: Wand              |       |       |       |     3 |     2 ||     5
  Use: Scroll            |       |     2 |     5 |     2 |     1 ||    10
       Potion            |       |       |       |       |     2 ||     2
Armor: Robe              |     1 |     7 |    10 |    10 |       ||    28
       Troll leather arm |       |       |       |       |    34 ||    34
Dodge: Dodged            |     2 |    24 |    40 |    41 |    94 ||   201

Table legend: (Time is in decaauts)
 A = Elapsed time spent in this place.
 B = Non-inter-level travel time spent in this place.
 C = Inter-level travel time spent in this place.
 D = Time resting spent in this place.
 E = Time spent auto-exploring this place.
 F = Levels seen in this place.
 G = Mean time per level.
                   A        B        C        D        E       F      G
               +--------+--------+--------+--------+--------+-----+--------+
         Total |  21125 |  20079 |   1046 |   6840 |   9183 |  19 | 1111.8 |
       Dungeon |  15579 |  14833 |    746 |   6290 |   6275 |  11 | 1416.3 |
        Temple |    272 |    215 |     57 |      0 |    207 |   1 |  272.0 |
          Lair |   2100 |   1993 |    107 |     97 |   1391 |   3 |  700.0 |
  Orcish Mines |   2183 |   2049 |    134 |    319 |    965 |   2 | 1091.5 |
         Sewer |    326 |    326 |      0 |     23 |    212 |   1 |  326.0 |
      Gauntlet |    663 |    663 |      0 |    111 |    133 |   1 |  663.0 |
               +--------+--------+--------+--------+--------+-----+--------+

Top non-repeatable levels by time:
     D:8: 2209 daAuts
     D:9: 1753 daAuts
     D:2: 1703 daAuts
     D:3: 1578 daAuts
    D:11: 1560 daAuts
   Orc:2: 1431 daAuts
    D:10: 1296 daAuts
     D:1: 1294 daAuts
     D:6: 1218 daAuts
     D:7: 1190 daAuts
  Lair:1: 990 daAuts
     D:4: 980 daAuts
  Lair:2: 931 daAuts
     D:5: 794 daAuts
   Orc:1: 751 daAuts
